 Dungeon Crawl Stone Soup version 0.26.1-11-gd32895ea62 (webtiles) character file.

Game seed: 2523731973228014197

35 Almogavar the Sneak (level 3, -1/42 HPs)
             Began as a Gnoll Wanderer on July 6, 2021.
             Slain by Purgy (3 damage)
             ... on level 3 of the Dungeon.
             The game lasted 00:05:21 (1958 turns).

Almogavar the Sneak (Gnoll Wanderer)                Turns: 1958, Time: 00:05:21

Health: -1/42      AC: 21    Str: 13    XL:     3   Next: 33%
Magic:  4/4        EV:  2    Int: 15    God:
Gold:   75         SH:  0    Dex: 15    Spells: 3/3 levels left

rFire    . . .     SeeInvis .   a - +2 dagger
rCold    . . .     Faith    .   (no shield)
rNeg     + + +     Spirit   .   (armour currently unavailable)
rPois    +         Reflect  .   (helmet currently unavailable)
rElec    .         Harm     .   (cloak currently unavailable)
rCorr    .         Rampage  .   (gloves currently unavailable)
Will     .....     NoTele   +   (boots currently unavailable)
Stlth    ++++......             (no amulet)
HPRegen  0.14/turn              h - ring of flight
MPRegen  0.09/turn              (no ring)

@: brilliant, tree-form, hasted, invisible, very quick
A: distributed training, strong nose
a: no special abilities


You were on level 3 of the Dungeon.
You were a tree.
You visited 1 branch of the dungeon, and saw 3 of its levels.

You collected 75 gold pieces.

Inventory:

Hand Weapons
 a - a +2 dagger (weapon)
 d - a +0 falchion
Armour
 e - a +0 robe (melded)
 j - a +0 ring mail
 k - a +0 leather armour
Jewellery
 h - a ring of flight (left branch)
 t - an uncursed amulet of regeneration {unknown}
Wands
 q - a wand of random effects (18)
Scrolls
 b - a scroll of fear
 f - 2 scrolls of magic mapping
 g - a scroll of remove curse
 l - 2 scrolls of enchant weapon
 r - a scroll of teleportation {unknown}
 s - a scroll of amnesia {unknown}
Potions
 i - a potion of heal wounds
 m - 2 potions of cancellation
 n - a potion of haste


   Skills:
 + Level 2.6 Fighting
 + Level 0.7 Short Blades
 + Level 4.5 Long Blades
 + Level 0.7 Axes
 + Level 0.7 Maces & Flails
 + Level 0.7 Polearms
 + Level 0.7 Staves
 + Level 0.7 Slings
 + Level 0.7 Bows
 + Level 0.7 Crossbows
 + Level 2.6 Throwing
 + Level 0.7 Armour
 + Level 2.6 Dodging
 + Level 7.8 Stealth
 + Level 0.7 Shields
 + Level 2.6 Unarmed Combat
 + Level 0.7 Spellcasting
 + Level 0.5 Conjurations
 + Level 0.5 Hexes
 + Level 0.5 Summonings
 + Level 0.5 Necromancy
 + Level 0.5 Translocations
 + Level 0.5 Transmutations
 + Level 0.5 Fire Magic
 + Level 0.5 Ice Magic
 + Level 0.5 Air Magic
 + Level 0.5 Earth Magic
 + Level 0.5 Poison Magic
 + Level 0.9 Invocations
 + Level 0.7 Evocations


You had 3 spell levels left.
You didn't know any spells.
Your spell library was empty.

Dungeon Overview and Level Annotations

Branches:
Dungeon (3/15)

Altars:
Cheibriados
Xom

Annotations:
D:3 Purgy


Innate Abilities, Weirdness & Mutations

Your experience applies equally to all skills.
((You have very sharp teeth.))
Your uncanny sense of smell can sniff out nearby items.


Message History

Purgy bites you but does no damage. Purgy claws you but does no damage. x2
You hit Purgy.
Purgy is heavily wounded.
Purgy bites you but does no damage. Purgy claws you but does no damage.
Purgy claws you.
* * * LOW HITPOINT WARNING * * *
It was a potion of brilliance.
You feel clever all of a sudden.
You closely miss Purgy.
Purgy is heavily wounded.
Purgy bites you but does no damage. Purgy claws you but does no damage.
Purgy barely misses you.
You hit Purgy.
Purgy is severely wounded.
It was a potion of invisibility.
You fade into invisibility!
Purgy bites you.
* * * LOW HITPOINT WARNING * * *
Purgy completely misses you. Purgy claws you.
You die...

..#.# #.#.# #.#.#
#.#.# #...# .
#####...# #
#.......# #
#.###.#.# # #♣#
#.#.# # #T# #.#[##
# #.#
#.#..#########
#.###.........)...
#.........########
#######...........
#..†.#######
#.#..# #.#.>.. ∆


You could see Purgy.

Vanquished Creatures
  A dart slug (D:2)
  A leopard gecko (D:1)
  An orc (D:3)
  2 bats (D:2)
  3 goblins
  5 hobgoblins
  2 jackals (D:2)
  A quokka (D:2)
  2 frilled lizards
  5 kobolds
  6 rats
  A butterfly (D:2)
30 creatures vanquished.

Notes
Turn   | Place    | Note
-------+----------+-------------------------------------------
     0 | D:1      | Almogavar the Gnoll Wanderer began the quest for the Orb.
     0 | D:1      | Almogavar set off with the following items: a +2 dagger, a
                  | scroll of fear, a potion of lignification, a +0 falchion, a
                  | +0 robe
     0 | D:1      | Reached XP level 1. HP: 17/17 MP: 1/1
   509 | D:1      | Reached XP level 2. HP: 16/23 MP: 2/2
  1246 | D:2      | Found a shimmering altar of Xom.
  1273 | D:2      | Found a snail-covered altar of Cheibriados.
  1498 | D:2      | Reached XP level 3. HP: 28/28 MP: 3/3
  1925 | D:3      | Noticed Purgy
  1958 | D:3      | HP: 2/42 [Purgy (3)]
  1958 | D:3      | Slain by Purgy

Illustrated notes

Levels and vault maps discovered:
D:1:      psy_arrival_terrarium, layout_loops_ring
D:2:      layout_loops_corners, xom_butterflies, kennysheep_slug_shrine
D:3:      minmay_inner_zag, layout_basic, uniq_sigmund, uniq_purgy

Action                   || total
-------------------------++-------
Melee: Dagger            ||    59
       Falchion          ||    31
       Bite              ||     8
       Punch             ||     3
 Abil: Evoke Flight      ||     1
  Use: Scroll            ||     6
       Potion            ||     4
 Stab: Sleeping          ||    15
Armor: Robe              ||    13
       Skin              ||    45
Dodge: Dodged            ||    46
       Rpst.: Falchion   ||     6
